AoeStats
← melnais cinitis

Hill Fort

505940171Analyzed
2v2 RM · 21d ago on Sep 11, 2026· 25m 58s· 4 players
Game mode
Random Map
Map size
Medium (4 player)
Population
200
Speed
Normal
Resources
Standard
Victory
Conquest
Starting age
Dark Age
Ending age
Imperial Age
RankedLock teamsTeams togetherTeam positionsShared explorationLock speedFull tech treeHidden civsTurbo modeCheats
Victory
Defeat
🇦🇲 Cumans · Armenia
1314
+15
🇦🇲 Spanish · Armenia
1314
+15
🇨🇿 Goths · Czechia
1305
-16
🇱🇻 Persians · Latvia
1273
-14
PT_xindlinek
11:37 Feudal Age
12:07 Double-Bit Axe
12:05 Horse Collar
16:15 Fishing Lines
19:12 Loom
21:56 Castle Age
23:41 Wheelbarrow
22:52 Town Watch
23:48 Gold Mining
23:49 Stone Mining
25:05 Forging
24:56 Scale Mail Armor
melnais cinitis
10:09 Feudal Age
10:12 Loom
15:46 Castle Age
14:01 Double-Bit Axe
15:39 Wheelbarrow
14:58 Horse Collar
21:04 Heavy Plow
23:55 Elite Skirmisher
24:59 Fletching
26:22 Bodkin Arrow
ARMLEGION
10:35 Feudal Age
16:28 Castle Age
15:15 Double-Bit Axe
16:45 Wheelbarrow
19:02 Horse Collar
23:14 Wheelbarrow
24:50 Loom
JAP
9:35 Feudal Age
9:44 Loom
10:47 Double-Bit Axe
11:05 Horse Collar
15:44 Wheelbarrow
17:04 Gold Mining
21:41 Castle Age
20:05 Scale Barding Armor
21:37 Forging
22:23 Bloodlines
22:52 Chain Barding Armor
22:54 Bow Saw
22:48 Heavy Plow
24:40 Iron Casting
24:51 Hand Cart
Connection lost

Rejoining the realm…

Still unreachable

The connection could not be restored.

Session expired

The server has moved on; the page needs a fresh start.